 Dungeon Crawl Stone Soup version 0.25-a0-663-gace7076f2c (webtiles) character file.

Game seed: 1425287202496634348, levelgen mode: deterministic

158 DasRunzen the Slasher (level 4, -4/37 HPs)
             Began as a Demigod Gladiator on Mar 24, 2020.
             Slain by an ogre
             ... wielding a +0 giant spiked club
              (7 damage)
             ... on level 3 of the Dungeon.
             The game lasted 00:04:12 (1861 turns).

DasRunzen the Slasher (Demigod Gladiator)           Turns: 1861, Time: 00:04:13

Health: -4/37      AC:  8    Str: 17    XL:     4   Next: 94%
Magic:  8/8        EV: 13    Int: 16    God:
Gold:   189        SH:  0    Dex: 17    Spells: 6/6 levels left

rFire    . . .     SeeInvis .   a - +0 long sword
rCold    . . .     Gourm    .   (no shield)
rNeg     . . .     Faith    .   b - +0 leather armour
rPois    .         Spirit   .   c - +0 helmet
rElec    .         Reflect  .   (no cloak)
rCorr    .         Harm     .   m - +0 pair of gloves
MR       .....                  (no boots)
Stlth    +.........             (no amulet)
HPRegen  0.12/turn              i - +3 ring of protection
MPRegen  0.11/turn              g - +2 ring of intelligence

@: no status effects
A: high mp 1
a: no special abilities


You were on level 3 of the Dungeon.
You were not hungry.

You visited 1 branch of the dungeon, and saw 3 of its levels.

You collected 189 gold pieces.

Inventory:

Hand Weapons
 a - a +0 long sword (weapon)
Missiles
 d - 3 throwing nets (quivered)
Armour
 b - a +0 leather armour (worn)
 c - a +0 helmet (worn)
 m - a +0 pair of gloves (worn)
Jewellery
 g - a +2 ring of intelligence (right hand)
 i - a +3 ring of protection (left hand)
Scrolls
 h - a scroll of fear
Potions
 e - a potion of curing
 j - 2 potions of ambrosia
 k - a potion of stabbing
 l - a potion of brilliance {unknown}
 n - a potion of might {unknown}
Comestibles
 f - 5 rations


   Skills:
 + Level 2.6 Fighting
 + Level 3.4 Long Blades
 - Level 1.7 Throwing
 + Level 1.7 Armour
 + Level 3.3 Dodging
 + Level 1.5 Spellcasting


You had 6 spell levels left.
You didn't know any spells.
Your spell library was empty.

Dungeon Overview and Level Annotations

Branches:
Dungeon (3/15)


Innate Abilities, Weirdness & Mutations

You have an increased reservoir of magic. (+10% MP)


Message History

You hit the ogre.
The ogre is severely wounded.
The worm bites you!
The ogre hits you with a +0 giant spiked club!
* * * LOW HITPOINT WARNING * * *
The ogre barely misses you.
Found a leather armour.
The ogre closely misses you.
You riposte.
You completely miss the ogre.
The ogre is severely wounded.
You hit the ogre.
The ogre is almost dead.
The ogre barely misses you.
You hit the ogre.
The ogre is almost dead.
The ogre hits you with a +0 giant spiked club.
* * * LOW HITPOINT WARNING * * *
You barely miss the ogre.
The ogre is almost dead.
The ogre hits you with a +0 giant spiked club!
You die...

#......#
#......#
#......#
#......#
#......#
##..w.## . #
#....# .
....#####....#
..
.......@O....#
....#####....#
. #.#### #.#
#[# #.# #.#
#..


You could see an ogre and a worm.

Vanquished Creatures
  An adder (D:2)
  8 gnolls (D:2)
  2 oozes (D:1)
  A worm (D:2)
  A dart slug (D:1)
  3 leopard geckos (D:2)
  4 giant cockroaches
  5 goblins
  7 hobgoblins
  4 jackals (D:1)
  12 bats
  2 frilled lizards
  7 kobolds
  4 rats
61 creatures vanquished.

Vanquished Creatures (others)
  A human (D:2)
1 creature vanquished.

Grand Total: 62 creatures vanquished

Notes
Turn   | Place    | Note
-------+----------+-------------------------------------------
     0 | D:1      | DasRunzen the Demigod Gladiator began the quest for the
                  | Orb.
     0 | D:1      | Reached XP level 1. HP: 17/17 MP: 3/3
   146 | D:1      | Reached XP level 2. HP: 12/24 MP: 4/4
   386 | D:1      | Reached XP level 3. HP: 13/29 MP: 6/6
   392 | D:1      | Reached skill level 1 in Armour
   495 | D:1      | Reached skill level 1 in Spellcasting
   752 | D:2      | Found an ancient bone altar of Kikubaaqudgha.
   753 | D:2      | Noticed a human
   755 | D:2      | Killed a human
   770 | D:2      | Reached XP level 4. HP: 17/37 MP: 8/8
  1720 | D:2      | Found a glowing silver altar of Zin.
  1720 | D:2      | Found a radiant altar of Vehumet.
  1736 | D:2      | Found a blossoming altar of Fedhas.
  1843 | D:3      | Noticed an ogre
  1861 | D:3      | Slain by an ogre

Levels and vault maps discovered:
D:1:      dpeg_arrival_rooms_with_view, layout_basic
D:2:      layout_basic, nicolae_overflow_hidden_temple, tgw_kikubaaqudgha
D:3:      layout_basic, gammafunk_temple_overflow_pools

Skill      XL: |  1  2  3 |
---------------+----------+-----
Fighting       | 2 |  2.6
Dodging        | 3 |  3.3
Long Blades    | 3 |  3.4
Armour         | 1 |  1.7
Spellcasting   | 1 |  1.5
Throwing       | |  1.7

Action                   |  1- 3 |  4- 6 || total
-------------------------+-------+-------++-------
Melee: Long sword        |   100 |    60 ||   160
  Use: Scroll            |     4 |     4 ||     8
 Stab: Sleeping          |       |     2 ||     2
  Eat: Chunk             |       |     3 ||     3
Armor: Leather armour    |    54 |    22 ||    76
Dodge: Dodged            |   106 |    29 ||   135
       Rpst.: Long sword |    34 |     7 ||    41

Table legend:
 A = Non-vault XP
 B = Vault XP
 C = Vault XP percentage of total XP
 D = Non-vault monster count
 E = Vault monster count
 F = Vault count percentage of total count
                 A         B        C        D         E       F
            +---------+---------+-------+---------+---------+-------
      Total |     217 |       9 |   4.0 |      59 |       2 |   3.3
            +---------+---------+-------+---------+---------+-------
        D:1 |      58 |       9 |  13.4 |      31 |       2 |   6.1
        D:2 |     159 |       0 |   0.0 |      28 |       0 |   0.0
            +---------+---------+-------+---------+---------+-------
